 Dungeon Crawl Stone Soup version 0.26-a0-663-g36e8fdb655 (webtiles) character file.

Game seed: 14932443873468381907

743 looop the Chiller (level 7, -1/46 HPs)
             Began as a Demonspawn Ice Elementalist on Oct 10, 2020.
             Killed by nerve-wracking pain
             ... invoked by Grinder
              (10 damage)
             ... on level 4 of the Dungeon.
             The game lasted 00:07:15 (4914 turns).

looop the Chiller (Demonspawn Ice Elementalist)     Turns: 4914, Time: 00:07:15

Health: -1/46      AC:  2    Str:  8    XL:     7   Next: 47%
Magic:  0/14       EV: 12    Int: 19    God:
Gold:   211        SH:  5    Dex: 15    Spells: 4/15 levels left

rFire    + . .     SeeInvis .   a - +0 spear
rCold    + . .     Faith    .   (no shield)
rNeg     . . .     Spirit   +   b - +0 robe
rPois    .         Reflect  +   (helmet restricted)
rElec    .         Harm     +   l - scarf {harm}
rCorr    .         Rampage  .   (no gloves)
MR       .....                  (no boots)
Stlth    +++.......             j - amulet of reflection
HPRegen  0.15/turn              d - ring of protection from fire
MPRegen  0.28/turn              f - ring of ice

@: no status effects
A: horns 1, thin skeletal structure 1, fire resistance 1, magic shield, magic
regeneration
a: no special abilities


You were on level 4 of the Dungeon.
You visited 1 branch of the dungeon, and saw 4 of its levels.

You collected 211 gold pieces.

Inventory:

Hand Weapons
 a - a +0 spear (weapon)
Armour
 b - a +0 robe (worn)
 l - a scarf of harm (worn)
Magical Staves
 t - an uncursed staff of conjuration
Jewellery
 d - a ring of protection from fire (left hand)
 f - a ring of ice (right hand)
 j - an amulet of reflection (around neck)
Scrolls
 c - a scroll of random uselessness {unknown}
 e - 2 scrolls of remove curse {unknown}
 h - 3 scrolls of enchant armour {unknown}
 i - 4 scrolls of teleportation {unknown}
 k - 6 scrolls of amnesia {unknown}
 m - a scroll of noise {unknown}
 o - a scroll of immolation {unknown}
 p - 3 scrolls of blinking {unknown}
 q - a scroll of enchant weapon {unknown}
 s - 4 scrolls of identify {unknown}
Potions
 g - a potion of stabbing {unknown}
 n - a potion of degeneration {unknown}
 r - a potion of brilliance {unknown}
 u - a potion of lignification {unknown}
 v - a potion of cancellation {unknown}
 w - 2 potions of magic {unknown}


   Skills:
 - Level 1.7 Dodging
 - Level 1.7 Stealth
 + Level 4.7 Spellcasting
 * Level 7.3 Ice Magic


You had 4 spell levels left.
You knew the following spells:

 Your Spells              Type           Power        Failure   Level
a - Freeze                Ice            ####         1%          1
b - Frozen Ramparts       Ice            #####.       1%          3
c - Ozocubu's Armour      Ice            #####...     1%          3
d - Hailstorm             Conj/Ice       ####....     28%         4

Your spell library contained the following spells:

 Spells                   Type           Power        Failure   Level
 Summon Ice Beast         Ice/Summ       ####....     28%         4


Dungeon Overview and Level Annotations

Branches:
Dungeon (4/15)
 Temple: D:4-7

Altars:
Elyvilon

Annotations:
D:3 1 runed translucent door
D:4 Grinder


Innate Abilities, Weirdness & Mutations

You have a pair of small horns on your head.
You have a somewhat thin skeletal structure. (Dex +2, Stealth)
Your flesh is heat resistant. (rF+)
When hurt, damage is shared between your health and your magic reserves.
You regenerate magic rapidly.


Message History

Grinder is moderately wounded.
Grinder resists.
The wall freezes Grinder.
Grinder hits you.
You writhe in agony.
Casting: Freeze (safe; 1% risk of failure)
Confirm with . or Enter, or press ? or * to list all spells.
Aiming: Freeze (safe; 1% risk of failure)
Press: ? - help, Shift-Dir - straight line, f/p - Grinder
Aim: Grinder (moderately wounded)
You feel a surge of power!
Grinder completely resists.
You freeze Grinder but do no damage.
The frozen ramparts melt away.
Grinder hits you.
You writhe in agony.
* * * LOW HITPOINT WARNING * * *
Your icy armour cracks and falls away as you move.
Grinder gestures at you. Pain shoots through your body!
* * * LOW HITPOINT WARNING * * *
You see here a spear.
Grinder gestures at you. Pain shoots through your body!
You die...

#.†..##....####.#....
#...>+...............
#(...#.....#.#..#....
#....##....#.#..###..
#.....+......#..)..#.
##....#....#.#.......
#####........#.#.####....
#.....†...##.#.#.........
#.......@.##.#.#......#).
#.........##.#.#........#
#......)..##.#.#......#..
#.....5#####.#.#...<..#<.
#......# #.#......#.#
#......# #.#......#.#
#......# #..........#
#####.#†.....############
#.........### #.........


You could see Grinder.

Vanquished Creatures
  2 ogres (D:4)
  The ghost of SkiChan the Ruffian, an amateur NaTm (D:3)
  A bullfrog (D:3)
  A hound (D:4)
  Natasha (D:3)
  2 orc wizards
  A worker ant (D:4)
  13 adders
  An ooze (D:4)
  An adder skeleton (D:4)
  6 worms
  4 dart slugs
  9 leopard geckos
  15 orcs
  5 giant cockroaches
  9 goblins
  6 hobgoblins
  18 jackals
  9 quokkas
  2 ball pythons
  8 bats
  3 frilled lizards
  10 kobolds
  8 rats
136 creatures vanquished.

Notes
Turn   | Place    | Note
-------+----------+-------------------------------------------
     0 | D:1      | looop the Demonspawn Ice Elementalist began the quest for
                  | the Orb.
     0 | D:1      | Reached XP level 1. HP: 13/13 MP: 3/3
   409 | D:1      | Gained mutation: You have a somewhat thin skeletal
                  | structure. (Dex +2, Stealth) [demonic ancestry]
   409 | D:1      | Reached XP level 2. HP: 7/19 MP: 3/5
   429 | D:1      | Reached skill level 4 in Ice Magic
  1345 | D:1      | Gained mutation: Your flesh is heat resistant. (rF+)
                  | [demonic ancestry]
  1345 | D:1      | Reached XP level 3. HP: 24/24 MP: 6/6
  1457 | D:1      | Learned a level 3 spell: Frozen Ramparts
  1967 | D:2      | Gained mutation: When hurt, damage is shared between your
                  | health and your magic reserves. [demonic ancestry]
  1967 | D:2      | Reached XP level 4. HP: 17/30 MP: 4/8
  2557 | D:2      | Reached skill level 5 in Ice Magic
  2818 | D:2      | Reached XP level 5. HP: 35/35 MP: 5/9
  2933 | D:2      | Found a white marble altar of Elyvilon.
  3170 | D:3      | Found a runed translucent door.
  3177 | D:3      | Noticed SkiChan's ghost (amateur NaTm)
  3562 | D:3      | Found a runed translucent door.
  3595 | D:3      | Learned a level 3 spell: Ozocubu's Armour
  3600 | D:3      | Learned a level 4 spell: Hailstorm
  3753 | D:3      | Found a faded altar of an unknown god.
  3757 | D:3      | Noticed Natasha
  3762 | D:3      | Killed Natasha
  3762 | D:3      | Gained mutation: You have a pair of small horns on your
                  | head. [demonic ancestry]
  3762 | D:3      | Reached XP level 6. HP: 41/41 MP: 7/11
  3878 | D:3      | Reached skill level 6 in Ice Magic
  3886 | D:3      | Killed SkiChan's ghost
  4349 | D:4      | Gained mutation: You regenerate magic rapidly. [demonic
                  | ancestry]
  4349 | D:4      | Reached XP level 7. HP: 46/46 MP: 9/13
  4440 | D:4      | Reached skill level 7 in Ice Magic
  4891 | D:4      | Noticed Grinder
  4903 | D:4      | Paralysed by Grinder for 2 turns
  4914 | D:4      | Killed from afar by Grinder

Illustrated notes

Levels and vault maps discovered:
D:1:      lemuel_arrival_river_ford, layout_loops_ring, st_stairs_8
D:2:      minmay_diamond_boxcup, layout_basic, elyvilon_altar_5
D:3:      layout_rooms, ebering_ghost_sewer_f,
          chequers_ecumenical_altar_simple_redux, uniq_natasha
D:4:      layout_basic, uniq_grinder

Skill      XL: |  1  2  3  4  5  6  7 |
---------------+----------------------+-----
Ice Magic      | 4 5 6 7 |  7.3
Spellcasting   | 3 4 |  4.7
Dodging        | |  1.7
Stealth        | |  1.7

Action                   |  1- 3 |  4- 6 |  7- 9 || total
-------------------------+-------+-------+-------++-------
Melee: Spear             |   134 |   175 |    76 ||   385
       Unarmed           |     8 |       |       ||     8
       Headbutt          |       |     3 |     9 ||    12
 Cast: Freeze            |    22 |    16 |     3 ||    41
       Frozen Ramparts   |     2 |    16 |     6 ||    24
       Ozocubu's Armour  |       |       |     1 ||     1
 Stab: Sleeping          |    11 |    15 |     4 ||    30
       Distracted        |       |     1 |       ||     1
Armor: Robe              |    35 |    17 |     7 ||    59
Dodge: Dodged            |    92 |   103 |    41 ||   236
Block: Other             |       |    23 |    19 ||    42

Table legend: (Time is in decaauts)
 A = Elapsed time spent in this place.
 B = Non-inter-level travel time spent in this place.
 C = Inter-level travel time spent in this place.
 D = Time resting spent in this place.
 E = Time spent auto-exploring this place.
 F = Levels seen in this place.
 G = Mean time per level.
                   A        B        C        D        E       F      G
               +--------+--------+--------+--------+--------+-----+--------+
         Total |   4957 |   4865 |     92 |    113 |   3764 |   4 | 1239.2 |
       Dungeon |   4957 |   4865 |     92 |    113 |   3764 |   4 | 1239.2 |
               +--------+--------+--------+--------+--------+-----+--------+

Top non-repeatable levels by time:
     D:1: 1739 daAuts
     D:2: 1271 daAuts
     D:3: 1006 daAuts
     D:4: 940 daAuts
